 Dungeon Crawl Stone Soup version 0.16.0-17-g811c1d7 (webtiles) character file.

44 maniek23 the Insei (level 3, 0/23 HPs)
             Began as an Octopode Transmuter on Mar 21, 2015.
             Succumbed to an adder's poison
             ... on level 2 of the Dungeon.
             The game lasted 00:04:08 (918 turns).

maniek23 the Insei (Octopode Transmuter)             Turns: 918, Time: 00:04:09

Health: 0/23       AC:  1    Str: 10    XL:     3   Next: 62%
Magic:  6/6        EV: 12    Int: 15    God:
Gold:   25         SH:  0    Dex: 12    Spells: 2 memorised, 4 levels left

rFire  . . .     SeeInvis .     h - +0 dagger (freeze)
rCold  . . .     Clarity  .     (no shield)
rNeg   . . .     SustAb   .     (helmet restricted)
rPois  .         Gourm    .     (no amulet)
rElec  .         Spirit   .     (no ring)
rCorr  .         Warding  .     (no ring)
rMut   .         Stasis   .     (no ring)
MR     .....                    (no ring)
Stlth  +++.......               (no ring)
                                (no ring)
                                (no ring)
                                (no ring)

@: lethally poisoned (0 -> -2), flying (expiring), not resistant to hostile
enchantments, fairly stealthy
A: almost no armour, amphibious, 8 rings, constrict 8, camouflage 1, gelatinous
body 1
a: no special abilities


You were on level 2 of the Dungeon.
You were full.

You visited 1 branch of the dungeon, and saw 2 of its levels.

You collected 25 gold pieces.

Inventory:

Hand weapons
 c - a +0 dagger
 h - a +0 dagger of freezing (weapon)
Missiles
 b - 30 arrows
Scrolls
 e - 2 scrolls of fog {unknown}
 g - a scroll of noise {unknown}
 i - 2 scrolls of identify {unknown}
 j - a scroll of recharging {unknown}
 n - a scroll of blinking {unknown}
 o - a scroll of amnesia {unknown}
 p - 3 scrolls of remove curse {unknown}
Books
 d - a book of Changes

   Spells                             Type                      Level
   a - Beastly Appendage              Transmutation                1
   b - Sticks to Snakes               Transmutation                2
   c - Spider Form                    Transmutation/Poison         3
   d - Ice Form                       Ice/Transmutation            4
   e - Blade Hands                    Transmutation                5
Comestibles
 a - a bread ration
 f - 3 chunks of flesh
 l - a meat ration


   Skills:
 + Level 1.5 Fighting
 + Level 2.6 Dodging
 + Level 1.3 Stealth
 - Level 3.0 Unarmed Combat
 + Level 2.5 Spellcasting
 + Level 2.2 Transmutations


You had 4 spell levels left.
You knew the following spells:

 Your Spells              Type           Power        Failure   Level  Hunger
a - Beastly Appendage     Trmt           #.....       12%         1    #......
b - Sticks to Snakes      Trmt           #.........   14%         2    ###....


Dungeon Overview and Level Annotations

Branches:
Dungeon (2/15)

Altars:
Trog


Innate Abilities, Weirdness & Mutations

You cannot wear most types of armour.
You are amphibious.
You can wear up to eight rings at the same time.
You can use your tentacles to constrict many enemies at once.
Your skin changes colour to match your surroundings (Stealth).
Your rubbery body absorbs attacks (AC +1).


Message History

There is a lethal amount of poison in your body!
Eat which item? (? for menu, Esc to quit)
* * * LOW HITPOINT WARNING * * *
You feel sick.
You continue eating. x2
* * * LOW HITPOINT WARNING * * *
You feel sick.
You finish eating.
That meat ration really hit the spot!
You see here an adder corpse.
* * * LOW HITPOINT WARNING * * *
You feel sick.
* * * LOW HITPOINT WARNING * * *
You feel sick.
You see here an adder corpse.
* * * LOW HITPOINT WARNING * * *
You feel sick.
You are starting to lose your buoyancy.
* * * LOW HITPOINT WARNING * * *
You feel sick.
You die...

#......#.####......#.####
#........................
#......######......#(####
#####..##................
#>...................
##............##.##..
##....##......##.##..
#.....##..###........
#...@.........### #.#
#..####.........# #.#
###..####.......### #.#
###.......###<....# #..
#...........#.....#####..
#.#.###.....#####.....'..
#...# #.....# #######..
##### #.....# #.. #†....#
#########..


There were no monsters in sight!

Vanquished Creatures
  An adder (D:2)
  3 giant geckos
  An ooze (D:2)
  5 bats (D:1)
  7 goblins
  6 hobgoblins
  A giant cockroach (D:2)
  2 giant newts (D:1)
  4 kobolds
  3 rats
33 creatures vanquished.

Notes
Turn   | Place    | Note
--------------------------------------------------------------
     0 | D:1      | maniek23, the Octopode Transmuter, began the quest for the Orb.
     0 | D:1      | Reached XP level 1. HP: 13/13 MP: 3/3
   185 | D:1      | Reached XP level 2. HP: 13/18 MP: 4/4
   624 | D:1      | Reached XP level 3. HP: 23/23 MP: 6/6
   717 | D:2      | Found a bloodstained altar of Trog.
   776 | D:2      | Reached skill level 1 in Stealth
   822 | D:2      | Learned a level 2 spell: Sticks to Snakes
   914 | D:2      | HP: 1/23 [poisoned by an adder]
   918 | D:2      | Succumbed to an adder's poison

Action                   || total
-------------------------++-------
Melee: Dagger            ||    59
       Unarmed           ||     6
  Use: Potion            ||     2
 Stab: Sleeping          ||     3
  Eat: Meat ration       ||     1
